 Dungeon Crawl Stone Soup version 0.22-a0-596-gfbd32a6 (webtiles) character file.

9186 galech the Fighter (level 11, -27/120 HPs)
             Began as an Ogre Berserker on July 5, 2018.
             Was an Elder of Trog.
             Annihilated by a white ugly thing (48 damage)
             ... on level 10 of the Dungeon.
             The game lasted 00:15:11 (8990 turns).

galech the Fighter (Ogre Berserker)                 Turns: 8990, Time: 00:15:12

Health: -27/120    AC:  7    Str: 23    XL:     11   Next: 42%
Magic:  11/11      EV: 12    Int:  8    God:    Trog [****..]
Gold:   615        SH:  0    Dex: 11    Spells: 10/10 levels left

rFire    + . .     SeeInvis .   B - +1 flail (protect)
rCold    x . .     Gourm    .   (no shield)
rNeg     . . .     Faith    .   t - +0 troll leather armour
rPois    .         Spirit   .   (helmet restricted)
rElec    .         Reflect  .   q - +1 cloak
rCorr    .         Harm     .   (gloves unavailable)
MR       +....                  (boots unavailable)
Stlth    ++........             (no amulet)
HPRegen  0.70/turn              (no ring)
MPRegen  0.12/turn              x - ring of fire

@: about to teleport
A: large, unfitting armour, tough skin 1
a: Berserk, Trog's Hand, Brothers in Arms, Renounce Religion


You were on level 10 of the Dungeon.
You worshipped Trog.
Trog was greatly pleased with you.
You were not hungry.

You visited 1 branch of the dungeon, and saw 10 of its levels.

You collected 615 gold pieces.

Inventory:

Hand Weapons
 i - a +3 flail
 B - a +1 flail of protection (weapon)
Armour
 q - a +1 cloak (worn)
 t - a +0 troll leather armour (worn)
 A - a +0 robe of cold resistance
Jewellery
 w - an uncursed ring of flight
 x - a ring of fire (right hand)
Wands
 a - a wand of paralysis (18)
 b - a wand of acid (2)
 u - a wand of flame (117)
 y - a wand of digging (19)
Scrolls
 e - 4 scrolls of immolation
 f - a scroll of enchant armour {unknown}
 h - 4 scrolls of teleportation
 n - 3 scrolls of amnesia
 r - 2 scrolls of fog
 s - 2 scrolls of holy word
Potions
 d - 3 potions of lignification {unknown}
 j - 2 potions of ambrosia {unknown}
 k - 4 potions of haste {unknown}
 l - 4 potions of heal wounds {unknown}
 m - a potion of flight {unknown}
 o - 3 potions of magic {unknown}
 p - 4 potions of curing {unknown}
 v - a potion of invisibility
 z - a potion of might {unknown}
Comestibles
 c - 17 rations
 g - 7 chunks of flesh


   Skills:
 + Level 11.5 Fighting
 + Level 11.5 Maces & Flails
 + Level 3.9 Armour
 + Level 6.8 Dodging
 + Level 2.9 Stealth


You had 10 spell levels left.
You didn't know any spells.
Your spell library was empty.

Dungeon Overview and Level Annotations

Branches:
Dungeon (10/15)            Temple (0/1) D:6            Lair (0/6) D:8
    Orc: D:9-12

Altars:
Elyvilon
Fedhas
Nemelex Xobeh
Okawaru
Uskayaw
Vehumet

Shops:
D:8 =   D:9 =%(:

Annotations:
D:10 3 runed doors, Paulus's ghost, novice DsFi; TBriggs11TB's ghost, novice GnAM; ThereIsNoGod's ghost, journeyman GnWn; galech's ghost, journeyman OgBe


Innate Abilities, Weirdness & Mutations

You are too large for most types of armour.
You have tough skin. (AC +1)


Message History

The white ugly thing is moderately wounded.
The white ugly thing engulfs you. The white ugly thing freezes you!!!
You feel a terrible chill!
* * * LOW HITPOINT WARNING * * *
You are too injured to fight recklessly!
You are too injured to fight recklessly!
You are too injured to fight recklessly!
You are too injured to fight recklessly!
You are too injured to fight recklessly!
You are too injured to fight recklessly!
You are too injured to fight recklessly!
There is an open door here.
You see here a stone.
You see here a stone.
There is an open door here.
As you read the scroll of teleportation, it crumbles to dust.
You feel strangely unstable. The white ugly thing engulfs you!
* * * LOW HITPOINT WARNING * * *
The white ugly thing freezes you!!!
You feel a terrible chill!
You die...

..######......#
#......'......#
########......# #.#
#####'## .. ##...# #.
#..### ####'#######
###'#### #..........#
#......#
#..........#####@.....#
+.....(....##.(u(.....#
#......(.).(.(##......#
...........#####......#
.########### ########


You could see a white ugly thing.

Vanquished Creatures
  2 two-headed ogres (D:10)
  Joseph (D:8)
  2 hellwings (D:7)
  A troll (D:6)
  The ghost of iamserjio the Chopper, an amateur DsBe of Trog (D:5)
  2 hippogriffs
  A meliai zombie (D:7)
  A steam dragon (D:8)
  Menkaure (D:6)
  A water moccasin (D:7)
  An orc warrior (D:8)
  2 ice beasts
  2 eyes of draining
  2 sky beasts
  A necrophage (D:9)
  6 ogres
  4 centaurs
  A big kobold (D:9)
  5 bullfrogs
  2 wyvern skeletons (D:7)
  2 scorpions (D:6)
  5 killer bees (D:9)
  5 wights (D:8)
  2 howler monkeys (D:8)
  4 centaur zombies
  3 crimson imps
  A quasit (D:9)
  2 jellies
  7 orc priests
  Crazy Yiuf (D:2)
  7 hounds
  3 bullfrog skeletons
  3 centaur skeletons (D:7)
  4 iguanas
  8 orc wizards
  6 worker ants
  A hound skeleton (D:5)
  A howler monkey zombie (D:6)
  A worker ant zombie (D:5)
  12 adders
  6 shadow imps
  2 oozes (D:5)
  An adder skeleton (D:7)
  An adder zombie (D:7)
  2 worms (D:2)
  A dart slug (D:3)
  3 leopard geckos
  36 orcs
  6 giant cockroaches
  6 goblins
  6 hobgoblins
  9 jackals
  5 quokkas
  7 bats
  7 frilled lizards
  11 kobolds
  2 rats (D:3)
228 creatures vanquished.

Vanquished Creatures (others)
  4 withered plants
4 creatures vanquished.

Grand Total: 232 creatures vanquished

Notes
Turn   | Place    | Note
-------+----------+-------------------------------------------
     0 | D:1      | galech the Ogre Berserker began the quest for the Orb.
     0 | D:1      | Reached XP level 1. HP: 24/24 MP: 1/1
   202 | D:1      | Reached XP level 2. HP: 27/32 MP: 2/2
   766 | D:2      | Reached ** piety under Trog
   766 | D:2      | Reached XP level 3. HP: 40/40 MP: 3/3
   928 | D:2      | Found a runed door.
  1271 | D:2      | Noticed Crazy Yiuf
  1283 | D:2      | Killed Crazy Yiuf
  1283 | D:2      | Reached XP level 4. HP: 35/49 MP: 4/4
  1604 | D:3      | Found a radiant altar of Vehumet.
  1680 | D:3      | Reached skill level 5 in Fighting
  1981 | D:3      | Reached XP level 5. HP: 57/57 MP: 5/5
  2831 | D:4      | Noticed an ogre
  2839 | D:4      | Killed an ogre
  2839 | D:4      | Reached XP level 6. HP: 61/66 MP: 6/6
  2919 | D:4      | Found a blossoming altar of Fedhas.
  3158 | D:4      | Reached skill level 1 in Stealth
  3162 | D:4      | Reached *** piety under Trog
  3162 | D:4      | Reached skill level 5 in Maces & Flails
  3301 | D:4      | Reached XP level 7. HP: 56/75 MP: 7/7
  3696 | D:5      | Entered Level 5 of the Dungeon
  3857 | D:5      | Found a transporter.
  3860 | D:5      | Noticed iamserjio's ghost (amateur DsBe)
  3889 | D:5      | Found a transporter.
  3983 | D:5      | Found a sparkling altar of Nemelex Xobeh.
  4124 | D:6      | Found an iron altar of Okawaru.
  4514 | D:6      | Reached XP level 8. HP: 61/84 MP: 8/8
  4621 | D:6      | Noticed a troll
  4628 | D:6      | Killed a troll
  5171 | D:6      | Noticed Menkaure
  5173 | D:6      | Found a staircase to the Ecumenical Temple.
  5178 | D:6      | Killed Menkaure
  5178 | D:6      | Reached skill level 5 in Dodging
  5256 | D:6      | Found a white marble altar of Elyvilon.
  5494 | D:7      | Reached skill level 1 in Armour
  5598 | D:7      | Reached XP level 9. HP: 96/96 MP: 9/9
  5619 | D:7      | Reached **** piety under Trog
  6006 | D:7      | Found a hide-covered altar of Uskayaw.
  6053 | D:7      | Noticed a hellwing
  6054 | D:7      | Noticed a hellwing
  6085 | D:7      | Reached XP level 10. HP: 107/107 MP: 10/10
  6153 | D:7      | Reached skill level 10 in Maces & Flails
  6530 | D:7      | Reached skill level 10 in Fighting
  6734 | D:8      | Found Zeugh's Jewellery Shoppe.
  6824 | D:8      | Found a staircase to the Lair.
  6952 | D:8      | Noticed Joseph
  6968 | D:8      | Killed Joseph
  7815 | D:5      | Killed iamserjio's ghost
  7815 | D:5      | Reached XP level 11. HP: 119/119 MP: 11/11
  7996 | D:9      | Found Xatuw's Book Shop.
  8040 | D:9      | Found Takhyit's Weapon Boutique.
  8448 | D:9      | Found Quydari's Food Emporium.
  8456 | D:9      | Found Gaarrij's Jewellery Boutique.
  8728 | D:9      | Reached ***** piety under Trog
  8787 | D:10     | Entered Level 10 of the Dungeon
  8787 | D:10     | Found a runed gate.
  8787 | D:10     | Found a runed gate.
  8787 | D:10     | Found a runed gate.
  8787 | D:10     | Noticed galech's ghost (journeyman OgBe)
  8787 | D:10     | Noticed ThereIsNoGod's ghost (journeyman GnWn)
  8789 | D:10     | Noticed TBriggs11TB's ghost (novice GnAM)
  8790 | D:10     | Noticed Paulus's ghost (novice DsFi)
  8803 | D:10     | Found the +8 demon blade "Bloodbane" {slice, *Rage +Rage Stlth-}
  8891 | D:10     | Noticed a two-headed ogre
  8891 | D:10     | Noticed a two-headed ogre
  8901 | D:10     | Killed a two-headed ogre
  8906 | D:10     | Killed a two-headed ogre
  8957 | D:10     | Noticed a white ugly thing
  8990 | D:10     | Annihilated by a white ugly thing

Vault maps used:
D:1:      evilmike_arrival_crescent
D:2:      first_ration, hex_medium, uniq_crazy_yiuf_cottage
D:3:      fiery_altar_vehumet
D:4:      kennysheep_mini_moat
D:5:      gammafunk_ghost_arena, nemelex_dance_club_becter
D:6:      cheibrodos_quashed, nicolae_overflow_hidden_temple,
          lemuel_temple_firewalk_a, lemuel_statue_altar, uniq_menkaure
D:7:      cheibrodos_grave_circle, lemuel_doored_altar
D:8:      lair_entry_dummy, serial_shops, nicolae_shop_waterfront, uniq_joseph
D:9:      serial_shops, nicolae_shop_temple_entry_statues_fountains,
          nicolae_shop_stone, shop, shop_statue
D:10:     basic_altar, gammafunk_ghost_cemetery, uniq_urug, uniq_psyche

Skill      XL: |  1  2  3  4  5  6  7  8  9 10 11 |
---------------+----------------------------------+-----
Maces & Flails | 3 4 5 6 7 9 10 11 | 11.5
Dodging        | 3 4 5 6 |  6.8
Fighting       | 5 6 7 9 10 11 | 11.5
Stealth        | 1 2 |  2.9
Armour         | 1 2 3 |  3.9

Action                   |  1- 3 |  4- 6 |  7- 9 | 10-12 || total
-------------------------+-------+-------+-------+-------++-------
Melee: Mace              |    97 |   167 |    30 |       ||   294
       Flail             |       |       |   226 |   350 ||   576
Invok: Berserk           |     2 |     7 |     6 |    10 ||    25
       Trog's Hand       |     1 |     3 |     2 |     3 ||     9
  Use: Scroll            |       |     2 |     4 |     4 ||    10
 Stab: Sleeping          |       |       |     4 |     2 ||     6
  Eat: Chunk             |     2 |    13 |    14 |    21 ||    50
       Ration            |       |     1 |       |       ||     1
Armor: Animal skin       |    33 |     8 |       |       ||    41
       Robe              |       |    64 |    19 |       ||    83
       Troll leather arm |       |       |    68 |   103 ||   171
Dodge: Dodged            |    71 |   123 |   141 |   214 ||   549

Table legend:
 A = Spawn XP
 B = Non-spawn XP
 C = Spawn XP percentage of total XP
 D = Spawn monster count
 E = Non-spawn monster count
 F = Spawn count percentage of total count
 G = Total turns spent on level
                    A         B        C        D         E        F      G
               +---------+---------+-------+---------+---------+-------+---------
         Total |       0 |   13124 |   0.0 |       0 |     228 |   0.0 |  8990
               +---------+---------+-------+---------+---------+-------+---------
           D:1 |       0 |      28 |   0.0 |       0 |      18 |   0.0 |   747
           D:2 |       0 |      70 |   0.0 |       0 |      14 |   0.0 |   829
           D:3 |       0 |     142 |   0.0 |       0 |      32 |   0.0 |  1221
           D:4 |       0 |     392 |   0.0 |       0 |      22 |   0.0 |   899
           D:5 |       0 |     684 |   0.0 |       0 |      11 |   0.0 |   517
           D:6 |       0 |    1111 |   0.0 |       0 |      21 |   0.0 |  1280
           D:7 |       0 |    4592 |   0.0 |       0 |      43 |   0.0 |  1426
           D:8 |       0 |    2463 |   0.0 |       0 |      37 |   0.0 |  1030
           D:9 |       0 |    1743 |   0.0 |       0 |      26 |   0.0 |   838
          D:10 |       0 |    1899 |   0.0 |       0 |       4 |   0.0 |   203
               +---------+---------+-------+---------+---------+-------+---------
